 Dungeon Crawl Stone Soup version 0.20.2-3-g29329e0561 (webtiles) character file.

476 Alfie the Covered (level 6, -6/53 HPs)
             Began as a Minotaur Fighter on Oct 14, 2020.
             Killed by divine providence
             ... invoked by an orc priest
              (12 damage)
             ... on level 4 of the Dungeon.
             The game lasted 00:09:45 (2188 turns).

Alfie the Covered (Minotaur Fighter)                Turns: 2188, Time: 00:09:46

Health: -6/53      AC:  7    Str: 21 (22) XL:     6   Next: 84%
Magic:  0/5        EV:  8    Int:  4 (5)  God:
Gold:   227        SH:  9    Dex:  7 (10) Spells: 5/5 levels left

rFire    . . .     SeeInvis .   a - +0 long sword
rCold    . . .     Gourm    .   c - +0 shield
rNeg     . . .     Faith    .   b - +0 scale mail
rPois    .         Spirit   +   (helmet restricted)
rElec    .         Reflect  .   (no cloak)
rCorr    .         Harm     .   (no gloves)
MR       .....                  (no boots)
Stlth    ..........             m - amulet of guardian spirit
Regen    0.2/turn               (no ring)
MPRegen  0.1/turn               (no ring)

@: no status effects
A: retaliatory headbutt, horns 2
a: no special abilities


You were on level 4 of the Dungeon.
You were not hungry.

You visited 1 branch of the dungeon, and saw 4 of its levels.

You collected 227 gold pieces.

Inventory:

Hand Weapons
 a - a +0 long sword (weapon)
Armour
 b - a +0 scale mail (worn)
 c - a +0 shield (worn)
Jewellery
 k - an uncursed ring of wizardry
 m - an amulet of guardian spirit (around neck)
Wands
 p - a wand of random effects (28/48)
Scrolls
 e - 2 scrolls of identify
 h - 2 scrolls of remove curse
 n - 2 scrolls of fear
 q - a scroll of teleportation
Potions
 d - a potion of might
 g - a potion of berserk rage {unknown}
 i - 2 potions of brilliance {unknown}
 o - a potion of curing {unknown}
Comestibles
 f - 4 bread rations
 j - 2 royal jellies


   Skills:
 + Level 4.7 Fighting
 + Level 5.6 Long Blades
 + Level 5.7 Armour
 + Level 1.2 Dodging
 + Level 0.3 Stealth
 + Level 5.2 Shields


You had 5 spell levels left.
You didn't know any spells.

Dungeon Overview and Level Annotations

Branches:
Dungeon (4/15)             Temple (0/1) D:4

Altars:
Qazlal
Yredelemnul
The Shining One


Innate Abilities, Weirdness & Mutations

You reflexively headbutt those who attack you in melee.
You have a pair of horns on your head.


Message History

* * * LOW HITPOINT WARNING * * *
The orc priest looks encouraged for a moment.
The orc wizard hits you with a dagger.
* * * LOW HITPOINT WARNING * * *
You feel much better.
The orc priest mumbles some strange prayers to Beogh against you.
Beogh smites you! The orc wizard hits you with a dagger.
* * * LOW HITPOINT WARNING * * *
You slash the orc wizard!
You kill the orc wizard!
You closely miss the orc priest.
The orc priest calls down the wrath of Beogh upon you.
Beogh smites you!
* * * LOW HITPOINT WARNING * * *
You block the orc priest's attack.
You slash the orc priest!
The orc priest is severely wounded.
The orc priest invokes the aid of Beogh against you.
Beogh smites you!
You die...

#########
#.......########
#
#..)..†..#######
.##.###
#.######........
.......##.#
#...#..#.
#...o@..#
#........
#.##.##.#
#........
#.......#
#........
#.##....#
#...#..#. #
###..# #........
(..# #########
##.## .. ##


You could see an orc priest.

Vanquished Creatures
  Sigmund (D:2)
  2 orc priests
  2 orc wizards
  2 worker ants
  5 gnolls
  An adder (D:3)
  2 oozes
  3 worms (D:2)
  A dart slug (D:1)
  A leopard gecko (D:1)
  7 orcs (D:3)
  2 ball pythons
  4 bats
  6 giant cockroaches
  7 goblins
  9 hobgoblins
  7 jackals
  11 kobolds
  A quokka (D:2)
  11 frilled lizards
  5 rats
90 creatures vanquished.

Notes
Turn   | Place    | Note
-------+----------+-------------------------------------------
     0 | D:1      | Alfie the Minotaur Fighter began the quest for the Orb.
     0 | D:1      | Reached XP level 1. HP: 19/19 MP: 0/0
    12 | D:1      | You fall through a shaft!
    81 | D:2      | Reached XP level 2. HP: 27/27 MP: 1/1
   215 | D:1      | Reached XP level 3. HP: 33/33 MP: 2/2
   808 | D:2      | Reached XP level 4. HP: 31/40 MP: 3/3
   818 | D:2      | Found a faded altar of an unknown god.
   891 | D:2      | Noticed Sigmund
  1421 | D:2      | Killed Sigmund
  1421 | D:2      | Reached skill level 5 in Armour
  1421 | D:2      | Reached XP level 5. HP: 23/47 MP: 2/4
  1655 | D:3      | Found a basalt altar of Yredelemnul.
  1694 | D:3      | Reached XP level 6. HP: 43/53 MP: 3/5
  1939 | D:3      | Reached skill level 5 in Long Blades
  2028 | D:3      | Reached skill level 1 in Dodging
  2028 | D:3      | Reached skill level 5 in Shields
  2105 | D:3      | Found a glowing golden altar of the Shining One.
  2106 | D:3      | Found a stormy altar of Qazlal.
  2121 | D:4      | Found a staircase to the Ecumenical Temple.
  2188 | D:4      | Killed from afar by an orc priest

Skill      XL: |  1  2  3  4  5  6 |
---------------+-------------------+-----
Shields        | 4 5 |  5.2
Fighting       | 4 |  4.7
Armour         | 4 5 |  5.7
Long Blades    | 3 4 5 |  5.6
Dodging        | 1 |  1.2
Stealth        | |  0.3

Action                   |  1- 3 |  4- 6 || total
-------------------------+-------+-------++-------
Melee: Long sword        |    85 |   119 ||   204
       Headbutt          |    14 |    24 ||    38
  Use: Scroll            |       |     9 ||     9
       Potion            |       |     4 ||     4
  Eat: Bread ration      |       |     1 ||     1
Armor: Scale mail        |    31 |    57 ||    88
Dodge: Dodged            |    33 |    50 ||    83
Block: Shield            |    36 |    66 ||   102
       Rpst.: Long sword |     8 |    14 ||    22
